Map: Newkirk Precinct TE (Void)

Players

시디야차

  • Race: Zerg Zerg
  • League: Master
  • Spawn Location: 5:00

TheMagician - Winner!

  • Race: Protoss Protoss
  • League: Diamond
  • Spawn Location: 7:00

VOD

Have the link to the VOD?

Description

Time

  • Played on: Jan. 25, 2017, 12:21 a.m.
  • Length: 10:00
Show
View Real Time Build Order
Export as new Build Order

시디야차 Zerg 

Build Orders: Hatch First 

Get SALT Encoding   

  12  0:00  Drone  
  13  0:12  Overlord  
  13  0:18  Drone  
  14  0:31  Drone x2  
  14  0:34  Drone  
  17  0:53  Hatchery  
  17  0:55  Drone  
  17  0:59  Drone  
  18  1:18  Drone  
  18  1:19  Extractor  
  18  1:23  Spawning Pool, Drone  
  18  1:39  Overlord  
  19  1:52  Overlord  
  19  2:09  Queen  
  19  2:10  Zergling x4  
  19  2:13  Zergling x2  
  24  2:22  Metabolic Boost  
  24  2:26  Roach Warren  
  24  2:27  Zergling x2  
  24  2:33  Zergling x2  
  25  2:45  Zergling x2  
  26  2:54  Zergling x2  
  27  2:58  Lair  
  27  3:10  Zergling x2  
  26  3:17  Zergling x2  
  27  3:21  Drone x3, Extractor  
  29  3:32  Roach  
  31  3:43  Roach  
  33  3:51  Overlord  
  33  3:52  Roach  
  33  3:53  Roach  
  33  3:54  Overlord  
  36  4:08  Roach  
  35  4:16  Drone  
  35  4:20  Roach x2  
  39  4:24  Roach  
  39  4:28  Hatchery  
  39  4:29  Roach  
  42  4:36  Glial Reconstitution  
  42  4:43  Drone  
  43  4:49  Drone  
  46  4:52  Ravager  
  46  4:53  Ravager  
  46  4:55  Drone x2  
  48  5:01  Overlord  
  48  5:11  Overlord  
  48  5:18  Overlord  
  48  5:23  Drone  
  48  5:25  Drone  
  50  5:29  Drone  
  50  5:32  Drone  
  53  5:35  Drone  
  53  5:41  Drone  
  54  5:47  Drone  
  54  5:52  Queen  
  54  5:54  Drone  
  57  6:03  Drone x2  
  59  6:14  Hatchery  
  59  6:15  Overseer  
  59  6:16  Drone  
  59  6:21  Spore Crawler  
  58  6:25  Spore Crawler  
  58  6:26  Drone  
  58  6:29  Drone  
  59  6:33  Drone x2  
  59  6:36  Drone x2  
  59  6:39  Drone  
  64  6:45  Drone x3  
  68  6:54  Drone  
  68  6:55  Evolution Chamber x2  
  68  7:00  Ravager x2  
  68  7:03  Roach x2  
  68  7:06  Overlord, Extractor  
  71  7:10  Overlord  
  71  7:12  Extractor  
  70  7:16  Roach x2  
  70  7:20  Overlord  
  74  7:32  Spore Crawler  
  74  7:33  Spore Crawler  
  74  7:35  Hydralisk Den  
  71  8:04  Zerg Missile Weapons Level 1  
  71  8:05  Overlord x2  
  71  8:13  Hydralisk x3  
  77  8:24  Hydralisk  
  79  8:28  Muscular Augments  
  79  8:44  Hatchery  
  78  8:48  Hydralisk  
  80  8:57  Hydralisk  
  82  9:06  Overlord  
  82  9:16  Spore Crawler  
  81  9:18  Spore Crawler  
  81  9:21  Overlord  
  80  9:33  Overlord  
Show
View Real Time Build Order
Export as new Build Order

TheMagician Protoss - Winner!

Build Orders: Cannon Rush 

Get SALT Encoding   

  12  0:01  Probe (Chrono Boost)  
  13  0:11  Probe (Chrono Boost)  
  14  0:22  Pylon, Probe (Chrono Boost)  
  15  0:40  Probe (Chrono Boost)  
  15  0:42  Forge  
  16  0:51  Probe (Chrono Boost)  
  17  1:01  Probe (Chrono Boost)  
  18  1:07  Pylon  
  18  1:12  Probe (Chrono Boost)  
  19  1:27  Photon Cannon  
  19  1:29  Photon Cannon  
  19  1:30  Pylon  
  19  1:38  Photon Cannon  
  19  1:44  Probe (Chrono Boost)  
  20  1:55  Probe (Chrono Boost)  
  21  2:02  Assimilator  
  21  2:05  Probe (Chrono Boost)  
  21  2:06  Assimilator  
  22  2:17  Gateway  
  22  2:18  Photon Cannon  
  22  2:22  Pylon  
  22  2:27  Pylon  
  22  2:34  Probe (Chrono Boost)  
  23  2:45  Probe (Chrono Boost)  
  23  2:51  Nexus  
  24  3:20  Probe (Chrono Boost)  
  24  3:23  Pylon  
  24  3:25  Cybernetics Core  
  25  3:32  Pylon  
  25  3:42  Photon Cannon  
  25  3:45  Probe (Chrono Boost)  
  26  3:53  Photon Cannon  
  26  4:16  Mothership Core (Chrono Boost)  
  28  4:17  Stalker  
  28  4:19  Probe (Chrono Boost)  
  28  4:21  Stargate  
  31  4:25  Stargate  
  31  4:30  Probe (Chrono Boost)  
  32  4:37  Photon Cannon  
  32  4:46  Pylon  
  32  5:03  Probe (Chrono Boost)  
  32  5:05  Void Ray, Assimilator  
  36  5:16  Void Ray  
  36  5:21  Probe (Chrono Boost)  
  41  5:23  Probe (Chrono Boost)  
  42  5:33  Probe (Chrono Boost)  
  43  5:42  Pylon  
  43  5:44  Probe (Chrono Boost)  
  43  5:46  Photon Cannon  
  44  5:51  Void Ray  
  48  6:12  Void Ray  
  52  6:37  Void Ray  
  52  6:41  Assimilator  
  55  6:49  Probe (Chrono Boost)  
  56  6:55  Pylon, Void Ray  
  60  7:02  Probe (Chrono Boost)  
  61  7:12  Stargate  
  61  7:13  Probe (Chrono Boost)  
  61  7:14  Pylon  
  62  7:18  Probe (Chrono Boost)  
  63  7:23  Probe (Chrono Boost)  
  65  7:30  Probe (Chrono Boost)  
  65  7:37  Oracle  
  65  7:42  Oracle  
  71  7:56  Oracle  
  74  8:00  Pylon  
  74  8:02  Pylon  
  74  8:04  Pylon  
  74  8:10  Nexus  
  74  8:13  Assimilator  
  74  8:17  Assimilator  
  74  8:22  Oracle  
  74  8:23  Photon Cannon  
  77  8:29  Probe (Chrono Boost)  
  77  8:33  Oracle  
  82  8:42  Probe (Chrono Boost)  
  82  8:49  Oracle  
  82  8:53  Pylon  
  82  8:54  Probe (Chrono Boost)  
  86  9:06  Probe (Chrono Boost)  
  87  9:10  Oracle  
  87  9:15  Oracle  
  93  9:21  Photon Cannon  
  93  9:22  Photon Cannon  
  93  9:24  Photon Cannon  
Tags
 
Add a new tag
Caveats
  • Supply blocks, unpowered buildings, or Contaminate may cause inaccurate times.
  • Supply counts are checked every 10 seconds.